 Dungeon Crawl Stone Soup version 0.28.0-43-g3370ac3207 (webtiles) character file.

Game seed: 11140542172290374011

662 Kaptain the Digger (level 7, 0/61 HPs)
             Began as a Gargoyle Earth Elementalist on Mar 24, 2022.
             Killed from afar by Dowan (10 damage)
             ... with a stone arrow
             ... on level 4 of the Dungeon.
             The game lasted 00:07:38 (4394 turns).

Kaptain the Digger (Gargoyle Earth Elementalist)    Turns: 4394, Time: 00:07:39

Health: 0/61       AC: 23    Str:  8 (11) XL:     7   Next: 56%
Magic:  1/12       EV:  2    Int: 17 (18) God:
Gold:   127        SH:  0    Dex:  7 (10) Spells: 9/13 levels left

rFire   . . .      SeeInvis .   f - +2 dagger (venom)
rCold   + . .      Faith    .   (no shield)
rNeg    + . .      Spirit   .   (armour currently unavailable)
rPois   ∞          Reflect  .   (helmet currently unavailable)
rElec   .          Harm     .   (cloak currently unavailable)
rCorr   .          Rampage  .   (gloves currently unavailable)
Will    .....      NoTele   +   (boots currently unavailable)
Stlth   ++........              (no amulet)
HPRegen 0.20/turn               g - +4 ring of evasion
MPRegen 0.13/turn               j - ring of protection from cold

@: tree-form, very slightly contaminated
A: stationary, stasis, torment immunity, boosted hp, sickness immunity, AC +4,
negative energy resistance 1, (electricity resistance), torment resistance 1,
petrification resistance
a: no special abilities


You were on level 4 of the Dungeon.
You were a tree.
You visited 1 branch of the dungeon, and saw 4 of its levels.

You collected 127 gold pieces.

Inventory:

Hand Weapons
 f - a +2 dagger of venom (weapon)
 h - a +0 hunting sling
 m - a +0 short sword of flaming
Missiles
 c - 103 stones
 i - 5 poisoned darts
Armour
 b - a +0 robe (melded)
 e - a scarf of shadows
 l - a +0 helmet (melded)
 o - a +0 pair of boots (melded)
Jewellery
 g - a +4 ring of evasion (left branch)
 j - a ring of protection from cold (right branch)
Scrolls
 a - a scroll of amnesia {unknown}
 d - a scroll of identify {unknown}
 k - a scroll of silence {unknown}
 p - a scroll of teleportation {unknown}
Potions
 n - a potion of flight


   Skills:
 * Level 3.6 Fighting
 + Level 2.6 Armour
 + Level 2.4 Dodging
 - Level 2.1 Stealth
 * Level 3.7 Spellcasting
 * Level 3.5 Conjurations
 - Level 0.7 Transmutations
 * Level 5.6 Earth Magic


You had 9 spell levels left.
You knew the following spells:

 Your Spells              Type           Power      Damage    Failure   Level
a - Sandblast             Erth           44%        2d11      1%          1
b - Stone Arrow           Conj/Erth      36%        3d9       8%          3

Your spell library contained the following spells:

 Spells                   Type           Power      Damage    Failure   Level
 Passwall                 Tmut/Erth      10%        N/A       7%          2
 Petrify                  Tmut/Erth      13%        N/A       41%         4
 Portal Projectile        Hex/Tloc       6%         N/A       43%         3
 Blade Hands              Tmut           2%         N/A       98%         5
 Excruciating Wounds      Necr           1%         N/A       99%         5


Dungeon Overview and Level Annotations

Branches:
Dungeon (4/15)
 Temple: D:4-7

Altars:

Annotations:
D:4 Dowan


Innate Abilities, Weirdness & Mutations

You are a tree.
Your roots penetrate the ground, keeping you stationary.
You cannot be teleported.
You are immune to unholy pain and torment.
Your maximum health is greatly increased.
Your equipment is partially melded.
You are immune to sickness and miasma.
((Your stone body is resilient. (AC +4)))
You are immune to poison.
You resist negative energy. (rN+)
((You are resistant to electric shocks. (rElec)))
You are resistant to unholy torment.
You are immune to petrification.


Message History

You kill Duvessa!
Something screams, "No!
No!
NO!"
Something hits you but does no damage.
It was a potion of flight.
You feel very buoyant.
You fly up into the air.
Something hits you but does no damage. Something hits you but does no damage.
Something hits you.
* * * LOW HITPOINT WARNING * * *
It was a potion of lignification.
You turn into a tree.
Your +0 helmet melds into your body.
Your +0 pair of boots melds into your body.
Your +0 robe melds into your body.
Your roots penetrate the ground.
Something hits you but does no damage.
It was a potion of degeneration.
There was something very wrong with that liquid.
You feel weakened.
You feel dopey.
You feel clumsy.
You hear some strange, mumbled words.
Something hits you.
* * * LOW HITPOINT WARNING * * *
You cannot move.
You cannot move.
You swing at nothing.
You hear some strange, mumbled words.
A stone arrow appears from out of thin air!
The stone arrow hits you but does no damage.
You closely miss something.
Something hits you but does no damage. x2
You hit something. Something hits you.
* * * LOW HITPOINT WARNING * * *
Casting: Sandblast (safe; 1% risk of failure)
Confirm with . or Enter, or press ? or * to list all spells.
Aiming: Sandblast (safe; 1% risk of failure)
Press: ? - help, Shift-Dir - straight line You miscast Sandblast.
You are very lightly contaminated with residual magic.
Nothing appears to happen.
You hear some strange, mumbled words.
A stone arrow appears from out of thin air!
The stone arrow hits you!
You die...

# ... .....)...# ###.
#.# #..... ... #.#
#..#.# ####.. #.#
#..#.# #..(..### #.#
#.^#.#
#.......######.#
##..#.# #)#...##.#####
#...#.# #.#..........#
#[.##.# #....♣{..(.#.#
#..##.#
#.##.#####.#.###..##.#
#.##.# #.#..........
#.......##.#
#.#####..##.#
##.#####...>
#........##.# .###
#######.##... .#
#...... .# ##.##.# ..
##.#.#


There were no monsters in sight!

Vanquished Creatures
  Grinder (D:3)
  Duvessa (D:4)
  A necrophage (D:4)
  A jelly (D:4)
  Natasha (thrice) (D:3)
  Robin (D:2)
  6 adders
  4 worms
  4 dart slugs
  2 orcs
  8 ball pythons
  9 endoplasms
  3 giant cockroaches (D:1)
  12 hobgoblins
  6 quokkas
  2 bats (D:1)
  2 frilled lizards (D:2)
  15 goblins
  9 kobolds
  4 rats
94 creatures vanquished.

Notes
Turn   | Place    | Note
-------+----------+-------------------------------------------
     0 | D:1      | Kaptain the Gargoyle Earth Elementalist began the quest for
                  | the Orb.
     0 | D:1      | Reached XP level 1. HP: 10/10 MP: 3/3
   267 | D:1      | Reached XP level 2. HP: 16/16 MP: 1/5
   770 | D:1      | Found a faded altar of an unknown god.
   813 | D:1      | You fall into a shaft and drop 1 floor!
   912 | D:2      | Reached skill level 1 in Fighting
   912 | D:2      | Reached skill level 1 in Conjurations
   912 | D:2      | Reached XP level 3. HP: 17/20 MP: 6/6
   916 | D:2      | Learned a level 3 spell: Stone Arrow
  1032 | D:1      | Reached skill level 1 in Armour
  1135 | D:1      | Reached skill level 4 in Earth Magic
  1629 | D:2      | Noticed Robin
  1634 | D:2      | Killed Robin
  1635 | D:2      | Reached XP level 4. HP: 18/25 MP: 4/7
  2923 | D:3      | Noticed Natasha
  2938 | D:3      | Killed Natasha
  2939 | D:3      | Reached XP level 5. HP: 21/30 MP: 7/9
  3025 | D:3      | Noticed Natasha
  3034 | D:3      | Killed Natasha
  3129 | D:3      | Noticed Grinder
  3135 | D:3      | Paralysed by Grinder for 6 turns
  3144 | D:3      | Killed Grinder
  3145 | D:3      | Reached skill level 5 in Earth Magic
  3145 | D:3      | Reached XP level 6. HP: 5/37 MP: 3/10
  3494 | D:3      | Noticed Natasha
  3499 | D:3      | Killed Natasha
  4066 | D:4      | Reached XP level 7. HP: 41/41 MP: 12/12
  4356 | D:4      | Noticed Dowan
  4362 | D:4      | Noticed Duvessa
  4383 | D:4      | Killed Duvessa
  4394 | D:4      | Killed from afar by Dowan

Illustrated notes

Levels and vault maps discovered:
D:1:      dpeg_arrival_arbitrary_b, layout_basic,
          shapermc_ecumenical_altar_ellora
D:2:      layout_basic, uniq_robin
D:3:      layout_basic, fountainhead, uniq_grinder, uniq_natasha
D:4:      layout_loops_ring, minmay_temple_entry_fiery, portal_sewer_entry_b,
          uniq_duvessa

Skill      XL: |  1  2  3  4  5  6 |
---------------+-------------------+-----
Fighting       | 1 2 3 |  3.6
Conjurations   | 1 2 3 |  3.5
Armour         | 1 2 |  2.6
Earth Magic    | 4 5 |  5.6
Dodging        | 2 |  2.4
Spellcasting   | 3 |  3.7
Stealth        | |  2.1
Transmutations | |  0.7

Action                   |  1- 3 |  4- 6 |  7- 9 || total
-------------------------+-------+-------+-------++-------
Melee: Dagger            |    53 |   131 |    29 ||   213
       Short sword       |     6 |       |       ||     6
       Punch             |     1 |       |       ||     1
 Cast: Sandblast         |    29 |    21 |    15 ||    65
       Stone Arrow       |       |     5 |     1 ||     6
  Use: Potion            |       |       |     3 ||     3
 Stab: Sleeping          |     4 |     2 |     1 ||     7
Armor: Robe              |    15 |    30 |    10 ||    55
       Skin              |       |       |     4 ||     4
Dodge: Dodged            |    48 |    89 |    25 ||   162
